 Dungeon Crawl Stone Soup version 0.28-a0-46-g7b1be97da7 (webtiles) character file.

Game seed: 6321533993977140186

61 Sin92 the Skirmisher (level 3, 0/29 HPs)
             Began as a Demonspawn Fighter on July 29, 2021.
             Slain by a gnoll (7 damage)
             ... on level 3 of the Dungeon.
             The game lasted 00:01:38 (1544 turns).

Sin92 the Skirmisher (Demonspawn Fighter)           Turns: 1544, Time: 00:01:38

Health: 0/29       AC:  7    Str: 16    XL:     3   Next: 83%
Magic:  3/3        EV:  7    Int:  9    God:
Gold:   86         SH:  9    Dex: 13    Spells: 2/2 levels left

rFire   . . .      SeeInvis .   a - +0 flail
rCold   . . .      Faith    .   c - +0 kite shield
rNeg    . . .      Spirit   .   b - +0 scale mail
rPois   .          Reflect  .   (helmet restricted)
rElec   .          Harm     .   h - +0 cloak
rCorr   .          Rampage  .   (no gloves)
Will    .....                   (no boots)
Stlth   ..........              (no amulet)
HPRegen 0.09/turn               (no ring)
MPRegen 0.08/turn               (no ring)

@: mighty
A: horns 1
a: no special abilities


You were on level 3 of the Dungeon.
You visited 1 branch of the dungeon, and saw 3 of its levels.

You collected 86 gold pieces.

Inventory:

Hand Weapons
 a - a +0 flail (weapon)
Armour
 b - a +0 scale mail (worn)
 c - a +0 kite shield (worn)
 h - a +0 cloak (worn)
Scrolls
 e - 3 scrolls of identify {unknown}
 f - a scroll of enchant armour {unknown}
 g - a scroll of amnesia {unknown}
 j - a scroll of fear {unknown}
 k - 2 scrolls of enchant weapon {unknown}
 l - a scroll of teleportation {unknown}
Potions
 i - a potion of mutation {unknown}


   Skills:
 + Level 3.3 Fighting
 * Level 2.6 Maces & Flails
 + Level 3.0 Armour
 + Level 1.0 Dodging
 + Level 3.0 Shields


You had 2 spell levels left.
You didn't know any spells.
Your spell library was empty.

Dungeon Overview and Level Annotations

Branches:
Dungeon (3/15)

Altars:

Shops:
D:1 (:   D:2 *


Innate Abilities, Weirdness & Mutations

You have a pair of small horns on your head.


Message History

The gnoll shouts!
A gnoll comes into view. It is wielding a +0 whip.
The gnoll shouts!
A gnoll comes into view. It is wielding a +0 flail.
There are monsters nearby!
Unknown command.
A gnoll comes into view. It is wielding a +0 flail.
The gnoll shouts!
The gnoll hits you from afar with a +0 spear.
Unknown command.
There are monsters nearby!
The gnoll hits you with a +0 spear.
Unknown command.
There are monsters nearby!
You closely miss the gnoll. You block the gnoll's attack.
Okay, then.
You feel very mighty all of a sudden. The gnoll hits you with a +0 spear.
You hit the gnoll. Your headbutt misses the gnoll.
The gnoll is moderately wounded.
The gnoll hits you with a +0 spear! The gnoll closely misses you.
Unknown command.
You sock the gnoll!
You kill the gnoll!
The gnoll hits you with a +0 whip.
* * * LOW HITPOINT WARNING * * *
You closely miss the gnoll. Your headbutt misses the gnoll.
The gnoll hits you but does no damage.
You sock the gnoll!
You kill the gnoll!
Your Dodging skill increases to level 1!
Unknown command.
You thump the gnoll!
The gnoll is severely wounded.
The gnoll barely misses you.
Unknown command.
You hit the gnoll.
You kill the gnoll!
The gnoll hits you with a +0 flail!
You die...

. #.# .#######.####
....†.......###
..............####
<.....<.....#.#..
...#####.#..#.#.# .#..#
#.#..#.#.#
....####.#......#####.#.
#.#......#.##...@g......
#.#..#####.###..#####..#
#.#..# #.# #.... .....#
.# #.###. .###.# #.# ..
#.# #.# # #.# #.# ..#


You could see a gnoll.

Vanquished Creatures
  3 gnolls (D:3)
  An adder (D:2)
  5 bats
  3 endoplasms (D:1)
  4 giant cockroaches
  2 goblins (D:1)
  A hobgoblin (D:1)
  3 quokkas (D:1)
  3 ball pythons (D:1)
  3 frilled lizards
  2 kobolds
  4 rats
34 creatures vanquished.

Notes
Turn   | Place    | Note
-------+----------+-------------------------------------------
     0 | D:1      | Sin92 the Demonspawn Fighter began the quest for the Orb.
     0 | D:1      | Reached XP level 1. HP: 18/18 MP: 1/1
    52 | D:1      | Found a faded altar of an unknown god.
   257 | D:1      | Gained mutation: You have a pair of small horns on your
                  | head. [demonic ancestry]
   257 | D:1      | Reached XP level 2. HP: 23/24 MP: 2/2
   487 | D:1      | Found Qounias's Antique Weapon Shop.
   820 | D:1      | Found Olar's Book Shoppe.
   985 | D:2      | Reached XP level 3. HP: 29/29 MP: 3/3
  1345 | D:2      | Found Deut Dea's Assorted Antiques.
  1543 | D:3      | Reached skill level 1 in Dodging
  1544 | D:3      | Slain by a gnoll

Illustrated notes

Levels and vault maps discovered:
D:1:      minmay_arrival_checkered_box, layout_loops_ring, serial_shops, shop,
          shop, hellmonk_ecumenical_altar_arch_garden, chequers_mini_garden,
          minmay_nonomino_d4
D:2:      layout_basic, serial_shops, shop
D:3:      layout_loops_ring, chequers_temple_overflow_statue_of_worship

Skill      XL: |  1  2  3 |
---------------+----------+-----
Maces & Flails | 2 |  2.6
Armour         | 3 |  3.0
Shields        | 3 |  3.0
Dodging        | 1 |  1.0
Fighting       | |  3.3

Action                   || total
-------------------------++-------
Melee: Flail             ||   118
       Headbutt          ||    11
  Use: Potion            ||     3
Armor: Scale mail        ||    69
Dodge: Dodged            ||    51
Block: Kite shield       ||    74

Table legend: (Time is in decaauts)
 A = Elapsed time spent in this place.
 B = Non-inter-level travel time spent in this place.
 C = Inter-level travel time spent in this place.
 D = Time resting spent in this place.
 E = Time spent auto-exploring this place.
 F = Levels seen in this place.
 G = Mean time per level.
                   A        B        C        D        E       F      G
               +--------+--------+--------+--------+--------+-----+--------+
         Total |   1607 |   1565 |     42 |      0 |   1267 |   3 |  535.7 |
       Dungeon |   1607 |   1565 |     42 |      0 |   1267 |   3 |  535.7 |
               +--------+--------+--------+--------+--------+-----+--------+

Top non-repeatable levels by time:
     D:1: 1009 daAuts
     D:2: 552 daAuts
     D:3: 44 daAuts
